 Dungeon Crawl Stone Soup version 0.27.1-4-g1640c2035a (webtiles) character file.

Game seed: 877084918620155499

27 rediz the Skirmisher (level 3, 0/40 HPs)
             Began as an Ogre Berserker on Nov 12, 2021.
             Was a Follower of Trog.
             Killed from afar by Sigmund (8 damage)
             ... with a magic dart
             ... on level 2 of the Dungeon.
             The game lasted 00:09:13 (1028 turns).

rediz the Skirmisher (Ogre Berserker)               Turns: 1028, Time: 00:09:14

Health: 0/40       AC:  3    Str: 22    XL:     3   Next: 10%
Magic:  3/3        EV: 10    Int:  8    God:    Trog [*.....]
Gold:   9          SH:  0    Dex:  8    Spells: 2/2 levels left

rFire    . . .     SeeInvis .   h - +0 club
rCold    . . .     Faith    .   (no shield)
rNeg     . . .     Spirit   .   b - +0 animal skin
rPois    .         Reflect  .   (helmet restricted)
rElec    .         Harm     .   (no cloak)
rCorr    .         Rampage  .   (gloves unavailable)
Will     .....                  (boots unavailable)
Stlth    +.........             (no amulet)
HPRegen  0.13/turn              (no ring)
MPRegen  0.08/turn              (no ring)

@: on berserk cooldown, slowed, very slow
A: large, unfitting armour, tough skin 1
a: Renounce Religion, Berserk


You were on level 2 of the Dungeon.
You worshipped Trog.
Trog was aware of your devotion.
You visited 1 branch of the dungeon, and saw 2 of its levels.

You collected 9 gold pieces.

Inventory:

Hand Weapons
 a - a +0 hand axe
 h - a +0 club (weapon)
Armour
 b - a +0 animal skin (worn)
Scrolls
 c - a scroll of noise {unknown}
 d - a scroll of enchant weapon {unknown}
 e - a scroll of teleportation {unknown}
 f - a scroll of fear {unknown}
 g - a scroll of identify {unknown}
Potions
 i - a potion of curing {unknown}


   Skills:
 + Level 4.6 Fighting
 - Level 3.3 Axes
 + Level 0.1(1.7) Maces & Flails
 + Level 3.1 Dodging


You had 2 spell levels left.
You didn't know any spells.
Your spell library was empty.

Dungeon Overview and Level Annotations

Branches:
Dungeon (2/15)

Altars:

Shops:
D:1 !

Annotations:
D:2 Sigmund


Innate Abilities, Weirdness & Mutations

You are too large for most types of armour.
You have tough skin. (AC +1)


Message History

A red film seems to cover your vision as you go berserk!
You feel yourself moving faster!
You feel mighty! The worm bites you!
* * * LOW HITPOINT WARNING * * *
You are too injured to fight recklessly!
You are too injured to fight recklessly!
You barely miss the worm.
The worm is heavily wounded.
You sock the worm!
You kill the worm!
Trog accepts your kill.
You have reached level 3!
Your experience leads to an increase in your attributes!
Increase (S)trength, (I)ntelligence, or (D)exterity?
Uppercase letters only, please.
You feel stronger. x2
You hit the giant cockroach.
The giant cockroach is heavily wounded.
The giant cockroach closely misses you.
You barely miss the giant cockroach.
The giant cockroach is heavily wounded.
The giant cockroach bites you but does no damage.
You hit the giant cockroach.
You kill the giant cockroach!
Trog accepts your kill.
Save game and exit?
Okay, then.
Calm down first, please.
You feel a strong urge to attack something.
You are no longer berserk.
You are exhausted.
You feel yourself slow down.
Sigmund the Dreaded comes into view.
He is wielding a +0 scythe.
Sigmund shouts!
You hear a shout!
Sigmund closely misses you.
Sigmund hits you from afar with a +0 scythe.
* * * LOW HITPOINT WARNING * * *
A kobold comes into view. It is wielding a +0 dagger.
Sigmund points at you and mumbles some strange words.
The magic dart hits you!
You die...

## .##. ..
....B #.
...#. ###.
.(....
..#.##....#
#.#.......#
#.#..#[#
#.#..#.##.#
#@#.......#
#)##<#.####
#.@....#
#........###
##########


You could see Sigmund.

Vanquished Creatures
  A worm (D:2)
  A dart slug (D:2)
  4 ball pythons (D:1)
  A giant cockroach (D:2)
  A goblin (D:2)
  4 hobgoblins (D:1)
  2 quokkas (D:1)
  2 bats (D:1)
  A frilled lizard (D:1)
  A kobold (D:1)
  3 rats (D:1)
21 creatures vanquished.

Notes
Turn   | Place    | Note
-------+----------+-------------------------------------------
     0 | D:1      | rediz the Ogre Berserker began the quest for the Orb.
     0 | D:1      | Reached XP level 1. HP: 24/24 MP: 1/1
     0 | D:1      | Noticed a naga
     4 | D:1      | Noticed a spriggan
     4 | D:1      | Noticed a draconian
     6 | D:1      | Noticed a minotaur skeleton
     7 | D:1      | Noticed a tengu
    11 | D:1      | Noticed a felid
    13 | D:1      | Noticed a minotaur zombie
   144 | D:1      | Reached XP level 2. HP: 30/32 MP: 2/2
   454 | D:1      | Found Tikla's Distillery.
  1017 | D:2      | Reached XP level 3. HP: 16/40 MP: 3/3
  1025 | D:2      | Noticed Sigmund
  1028 | D:2      | Killed from afar by Sigmund

Illustrated notes

Levels and vault maps discovered:
D:1:      shiori_arrival_whats_in_store_for_you, layout_loops_ring,
          serial_shops, shop
D:2:      layout_loops_ring, shapermc_ecumenical_altar_flowoftime, uniq_sigmund

Skill      XL: |  1  2 |
---------------+-------+-----
Dodging        | 3 |  3.1
Fighting       | |  4.6
Axes           | |  3.3
Maces & Flails | |  0.1

Action                   || total
-------------------------++-------
Melee: Hand axe          ||    56
       Club              ||    27
Invok: Berserk           ||     1
 Stab: Sleeping          ||     1
Armor: Animal skin       ||    11
Dodge: Dodged            ||    43
